 Dungeon Crawl Stone Soup version 0.20-a0-1089-g3fde505 (webtiles) character file.

162 Duffy the Conjurer (level 5, 0/35 HPs)
             Began as a Demonspawn Fire Elementalist on May 3, 2017.
             Slain by Grinder (7 damage)
             ... while paralysed by Grinder
             ... on level 5 of the Dungeon.
             The game lasted 00:02:07 (2027 turns).

Duffy the Conjurer (Demonspawn Fire Elementalist)   Turns: 2027, Time: 00:02:08

Health: 0/35       AC:  8    Str:  9    XL:     5   Next: 19%
Magic:  9/9        EV:  2    Int: 17    God:
Gold:   80         SH:  0    Dex: 13    Spells: 5/9 levels left

rFire    . . .     SeeInvis .   i - +2 dagger (venom)
rCold    + . .     Gourm    .   (no shield)
rNeg     . . .     Faith    .   a - +0 robe
rPois    .         Spirit   .   (no helmet)
rElec    .         Reflect  .   (no cloak)
rCorr    .         Harm     .   (no gloves)
MR       .....                  (no boots)
Stlth    ++........             (no amulet)
Regen    0.2/turn               (no ring)
MPRegen  0.2/turn               (no ring)

@: paralysed, sanguine armour
A: talons 1, cold resistance 1, freezing cloud immunity, sanguine armour 1
a: no special abilities


You were on level 5 of the Dungeon.
You were not hungry.

You visited 1 branch of the dungeon, and saw 5 of its levels.

You collected 80 gold pieces.

Inventory:

Hand Weapons
 g - a +0 dagger
 i - a +2 dagger of venom (weapon)
Armour
 a - a +0 robe (worn)
Scrolls
 d - a scroll of random uselessness {unknown}
 e - a scroll of fog {unknown}
 j - 2 scrolls of identify {unknown}
 k - a scroll of remove curse {unknown}
Books
 b - a book of Flames

   Spells                             Type                      Level
   a - Flame Tongue                   Conjuration/Fire             1
   b - Throw Flame                    Conjuration/Fire             2
   c - Conjure Flame                  Conjuration/Fire             3
   d - Inner Flame                    Hexes/Fire                   3
   e - Sticky Flame                   Conjuration/Fire             4
   f - Fireball                       Conjuration/Fire             5
Comestibles
 c - a bread ration
 h - 3 meat rations


   Skills:
 - Level 1.7 Dodging
 - Level 1.7 Stealth
 + Level 2.8 Spellcasting
 * Level 3.6 Conjurations
 + Level 3.6 Fire Magic


You had 5 spell levels left.
You knew the following spells:

 Your Spells              Type           Power        Failure   Level  Hunger
h - Flame Tongue          Conj/Fire      ##...        4%          1    #......
l - Conjure Flame         Conj/Fire      ##......     12%         3    ###....


Dungeon Overview and Level Annotations

Branches:
Dungeon (5/15)
 Temple: D:4-7

Altars:
Sif Muna

Annotations:
D:5 Grinder


Innate Abilities, Weirdness & Mutations

You have sharp toenails.
Your flesh is cold resistant. (rC+)
You are immune to freezing clouds.
When seriously injured, your bleeding wounds create armour. (AC +6)


Message History

There is a stone staircase leading down here.
You climb downwards.
Found a meat ration.
Found a stone staircase leading down.
There is a stone staircase leading up here.
HP restored.
h - 3 meat rations (gained 1)
You open the door.
There is an open door here.
You now have 80 gold pieces (gained 11).
Grinder comes into view.
Grinder is nearby!
Grinder hits you.
You writhe in agony.
You closely miss Grinder. Grinder gestures at you.
You suddenly lose the ability to move!
Grinder gestures at you. Pain shoots through your body!
Your blood congeals into armour.
Grinder hits you.
You writhe in agony.
Grinder hits you!
You die...

#...#.##.. #..#.#
..#######.#.##.###
..#.# .................
..#.#
..######..####.####
#.#.# #####......<...#
#.#.#
.......>......#.###.#.#
..............#.#.....#
######.########.#.#...#
#.....5@.....#...#
##########.###...#
..........#
.....##....##
#####.##....# ####....#
.


You could see Grinder.

Vanquished Creatures
  An ogre (D:4)
  A worker ant (D:4)
  An adder (D:4)
  An ooze (D:1)
  A worm (D:2)
  3 dart slugs
  A leopard gecko (D:1)
  2 ball pythons
  3 bats (D:1)
  A giant cockroach (D:3)
  6 goblins (D:1)
  A hobgoblin (D:1)
  A kobold (D:1)
  A quokka (D:4)
  7 frilled lizards
  2 rats
33 creatures vanquished.

Notes
Turn   | Place    | Note
-------+----------+-------------------------------------------
     0 | D:1      | Duffy the Demonspawn Fire Elementalist began the quest for the Orb.
     0 | D:1      | Reached XP level 1. HP: 13/13 MP: 3/3
   225 | D:1      | Gained mutation: Your flesh is cold resistant. (rC+) [demonic ancestry]
   225 | D:1      | Reached XP level 2. HP: 13/19 MP: 0/5
  1091 | D:1      | You fall through a shaft!
  1101 | D:2      | Gained mutation: You have sharp toenails. [demonic ancestry]
  1101 | D:2      | Reached XP level 3. HP: 7/24 MP: 1/6
  1528 | D:3      | Learned a level 3 spell: Conjure Flame
  1582 | D:3      | Found a deep blue altar of Sif Muna.
  1637 | D:4      | Noticed an ogre
  1656 | D:4      | Killed an ogre
  1656 | D:4      | Gained mutation: You are immune to freezing clouds. [demonic ancestry]
  1656 | D:4      | Reached XP level 4. HP: 30/30 MP: 0/8
  1773 | D:4      | Gained mutation: When seriously injured, your bleeding wounds create armour. (AC +6) [demonic ancestry]
  1773 | D:4      | Reached XP level 5. HP: 28/35 MP: 6/9
  1928 | D:5      | Entered Level 5 of the Dungeon
  2019 | D:5      | Noticed Grinder
  2024 | D:5      | Paralysed by Grinder for 6 turns
  2027 | D:5      | Slain by Grinder

Vault maps used:
D:1:      sevenhm_arrival_forest_fort_large_4, tso_altar
D:2:      hangedman_decor_growths, roderic_lattice_a, grunt_decor_resistance
D:3:      old_standard_altar
D:4:      first_bread, wad_orctagon
D:5:      uniq_eustachio, uniq_grinder

Skill      XL: |  1  2  3 |
---------------+----------+-----
Fire Magic     | 3 |  3.6
Conjurations   | 2 3 |  3.6
Dodging        | |  1.7
Stealth        | |  1.7
Spellcasting   | |  2.8

Action                   |  1- 3 |  4- 6 || total
-------------------------+-------+-------++-------
Melee: Dagger            |    53 |     7 ||    60
       Kick              |     2 |     2 ||     4
 Cast: Flame Tongue      |    29 |     7 ||    36
       Conjure Flame     |     1 |       ||     1
 Stab: Sleeping          |     3 |       ||     3
  Eat: Chunk             |     1 |     1 ||     2
       Royal jelly       |     1 |       ||     1
Armor: Robe              |    22 |       ||    22
Dodge: Dodged            |    49 |     6 ||    55
